[Event "45th FIDE Womens Olympiad 2024"]
[Site "Budapest"]
[Date "2024.09.15"]
[Round "5.156"]
[White "Shabanaj, Eglantina"]
[Black "Zengeni, Tatenda Melisa"]
[Result "1-0"]
[ECO "E32"]
[WhiteElo "1957"]
[BlackElo "1732"]
[PlyCount "99"]
[EventDate "2024.09.05"]
[EventType "team-tourn"]
[EventCountry "HUN"]
[WhiteTeam "Albania"]
[BlackTeam "Zimbabwe"]
[WhiteTeamCountry "ALB"]
[BlackTeamCountry "ZIM"]
[TimeControl "40/5400+30:1800+30"]

1. d4 Nf6 2. c4 e6 3. Nc3 Bb4 4. Qc2 d5 5. Bg5 O-O 6. e3 b6 7. Nf3 Bb7 8. Bd3 h6 9. Bxf6 Qxf6 10. cxd5 Bxd5 11. e4 Bb7 12. O-O Nc6 13. e5 Qd8 14. Be4 Na5 15. a3 Bxe4 16. Nxe4 Be7 17. b4 Nb7 18. Rac1 Qd5 19. Rfd1 Rfc8 20. Nc3 Qd7 21. d5 Bd8 22. Qe4 Rab8 23. dxe6 Qxe6 24. Nd4 Qg6 25. Nf5 Kh7 26. Nb5 c5 27. Nxa7 Rc7 28. Nb5 Rcc8 29. Nbd6 Nxd6 30. Rxd6 f6 31. Rd7 Rc7 32. Rcd1 cxb4 33. axb4 Rbc8 34. h4 Rxd7 35. Rxd7 Rc1+ 36. Kh2 Bc7 37. Rxg7+ Qxg7 38. Nxg7+ Kxg7 39. Qg4+ Kf8 40. Qg6 Bxe5+ 41. g3 Rc4 42. Qxh6+ Ke7 43. f4 Bd4 44. Qg7+ Kd6 45. h5 Rc2+ 46. Kh3 Rc1 47. h6 Rh1+ 48. Kg2 Rg1+ 49. Kf3 Rf1+ 50. Ke2 1-0

[Event "45th FIDE Womens Olympiad 2024"]
[Site "Budapest"]
[Date "2024.09.15"]
[Round "5.157"]
[White "Sakai, Azumi"]
[Black "Varela La Madrid, Tilsia Carolina"]
[Result "0-1"]
[ECO "D36"]
[WhiteElo "1871"]
[BlackElo "2017"]
[PlyCount "112"]
[EventDate "2024.09.05"]
[EventType "team-tourn"]
[EventCountry "HUN"]
[WhiteTeam "Japan"]
[BlackTeam "Venezuela"]
[WhiteTeamCountry "JPN"]
[BlackTeamCountry "VEN"]
[TimeControl "40/5400+30:1800+30"]

1. d4 d5 2. c4 e6 3. Nc3 Nf6 4. cxd5 exd5 5. Bg5 Be7 6. e3 c6 7. Bd3 h6 8. Bh4 O-O 9. Qc2 Re8 10. Nf3 Nbd7 11. O-O Ne4 12. Bxe7 Qxe7 13. b4 a6 14. a4 Ndf6 15. b5 c5 16. dxc5 Nxc5 17. Rfc1 Nce4 18. Nd4 Bd7 19. Qa2 axb5 20. Bxb5 Bxb5 21. Ncxb5 Rec8 22. h3 Rxc1+ 23. Rxc1 Qb4 24. Qc2 Qxa4 25. Qxa4 Rxa4 26. Rc8+ Kh7 27. f3 Ra1+ 28. Kh2 Nd2 29. Kg3 Ra2 30. Rc2 Rxc2 31. Nxc2 Nc4 32. Kf4 Nh5+ 33. Kg4 g6 34. f4 Nd2 35. Nd6 f5+ 36. Kh4 Nf6 37. g4 Nde4 38. Nxe4 dxe4 39. Nd4 fxg4 40. hxg4 Nd5 41. Nb5 Nxe3 42. Nd6 Nd5 43. f5 gxf5 44. Nxf5 e3 45. Kg3 e2 46. Kf2 Nc3 47. Nd4 Kg6 48. Nf3 b5 49. Ke3 b4 50. Kd3 Kf6 51. Kd2 Ke6 52. Kc2 Kd5 53. Kb3 Ke4 54. Ne1 Nd5 55. Kc4 Nf4 56. Kxb4 Nd3+ {0-} 0-1

[Event "45th FIDE Womens Olympiad 2024"]
[Site "Budapest"]
[Date "2024.09.15"]
[Round "5.158"]
[White "Rovira Contreras, Tairu Manuela"]
[Black "Shibata, Misaki"]
[Result "1-0"]
[ECO "D41"]
[WhiteElo "2022"]
[BlackElo "1847"]
[PlyCount "97"]
[EventDate "2024.09.05"]
[EventType "team-tourn"]
[EventCountry "HUN"]
[WhiteTeam "Venezuela"]
[BlackTeam "Japan"]
[WhiteTeamCountry "VEN"]
[BlackTeamCountry "JPN"]
[TimeControl "40/5400+30:1800+30"]

1. d4 e6 2. c4 Nf6 3. Nf3 d5 4. Nc3 c5 5. cxd5 Nxd5 6. e4 Nxc3 7. bxc3 cxd4 8. cxd4 Bb4+ 9. Bd2 Bxd2+ 10. Qxd2 O-O 11. Be2 Nd7 12. Rd1 Nf6 13. Bd3 b6 14. O-O Bb7 15. Rfe1 Rc8 16. Bb1 Qc7 17. Qg5 h6 18. Qh4 Rfd8 19. h3 b5 20. Re3 Qb6 21. Qf4 Qc7 22. Ne5 Qe7 23. Rb3 a6 24. Qh4 Rc7 25. Qf4 Nh5 26. Qe3 Nf6 27. Qe2 Rdc8 28. Re3 b4 29. Nd3 a5 30. Nc5 Ra8 31. Qd3 Qd8 32. Ree1 Qc8 33. e5 Ne8 34. Qh7+ Kf8 35. Be4 Bxe4 36. Qxe4 a4 37. Rb1 Qb8 38. Qf4 Qb6 39. Qd2 Qa5 40. Qxb4 Qxb4 41. Rxb4 a3 42. Reb1 Rd8 43. Ra4 Rcc8 44. Rb3 Nc7 45. Nb7 Rd7 46. Nd6 Rcd8 47. Rb7 Nd5 48. Rxd7 Rxd7 49. Ra8+ 1-0

[Event "45th FIDE Womens Olympiad 2024"]
[Site "Budapest"]
[Date "2024.09.15"]
[Round "5.159"]
[White "Kinoshita, Kanako"]
[Black "Otazo Sanchez, Annyd Gabriela"]
[Result "1/2-1/2"]
[ECO "C42"]
[WhiteElo "1822"]
[BlackElo "1976"]
[PlyCount "136"]
[EventDate "2024.09.05"]
[EventType "team-tourn"]
[EventCountry "HUN"]
[WhiteTeam "Japan"]
[BlackTeam "Venezuela"]
[WhiteTeamCountry "JPN"]
[BlackTeamCountry "VEN"]
[TimeControl "40/5400+30:1800+30"]

1. e4 e5 2. Nf3 Nf6 3. Nxe5 d6 4. Nf3 Nxe4 5. Nc3 Nxc3 6. dxc3 Be7 7. Be3 O-O 8. Qd2 Nd7 9. O-O-O c6 10. Bd3 d5 11. Kb1 Nc5 12. Rde1 Nxd3 13. Qxd3 Bf6 14. h4 h6 15. Ng5 g6 16. Nh3 Bf5 17. Qd2 h5 18. Bd4 Kg7 19. f3 Bxh3 20. Rxh3 Bxd4 21. cxd4 Qf6 22. g4 Rh8 23. g5 Qf5 24. Qh2 Rhe8 25. Rxe8 Rxe8 26. b4 Re3 27. Kb2 Qe6 28. Qf4 Re2 29. Rh2 Re1 30. Rf2 Qf5 31. Qd2 Rh1 32. Rh2 Qxf3 33. Rxh1 Qxh1 34. Qf4 Qe4 35. Qf2 Qe7 36. Kb3 f6 37. Qf4 fxg5 38. hxg5 b6 39. a4 a5 40. c3 Qf7 41. Qe5+ Kh7 42. Qd6 Qb7 43. b5 cxb5 44. axb5 Qc8 45. Qc6 Qd8 46. Qe6 Kg7 47. Qe5+ Kg8 48. Qe6+ Kg7 49. c4 dxc4+ 50. Qxc4 Qxg5 51. Qc7+ Kh6 52. Qxb6 Qe3+ 53. Kc4 Qe2+ 54. Kc5 Qc2+ 55. Kd6 a4 56. d5 Qh2+ 57. Kc6 Qc2+ 58. Kb7 a3 59. Qe3+ g5 60. Qxa3 h4 61. Qe7 Qh7 62. d6 h3 63. Qxh7+ Kxh7 64. d7 h2 65. d8=Q h1=Q+ 66. Kb8 Qh2+ 67. Qc7+ Qxc7+ 68. Kxc7 g4 1/2-1/2

[Event "45th FIDE Womens Olympiad 2024"]
[Site "Budapest"]
[Date "2024.09.15"]
[Round "5.160"]
[White "Perez Hernandez, Vicmary C."]
[Black "Takayasu, Melody"]
[Result "1-0"]
[ECO "B53"]
[WhiteElo "1960"]
[BlackElo "1768"]
[PlyCount "97"]
[EventDate "2024.09.05"]
[EventType "team-tourn"]
[EventCountry "HUN"]
[WhiteTeam "Venezuela"]
[BlackTeam "Japan"]
[WhiteTeamCountry "VEN"]
[BlackTeamCountry "JPN"]
[TimeControl "40/5400+30:1800+30"]

1. e4 c5 2. Nf3 d6 3. d4 cxd4 4. Qxd4 a6 5. Be3 Nc6 6. Qd2 Nf6 7. Nc3 e6 8. O-O-O Be7 9. Bf4 e5 10. Bg5 Be6 11. Bxf6 gxf6 12. Nd5 b5 13. Kb1 Bxd5 14. Qxd5 Rc8 15. a3 Qc7 16. Bd3 Rg8 17. g3 Na5 18. Nh4 Qc5 19. f3 Nc4 20. Bxc4 Qxc4 21. Qxc4 Rxc4 22. Nf5 Kd7 23. Rd5 Rgc8 24. c3 R4c5 25. Rhd1 Rxd5 26. Rxd5 Rc5 27. Ne3 Ke6 28. g4 Bf8 29. Kc2 Bh6 30. Rxc5 dxc5 31. Nd5 Bf4 32. h3 c4 33. Nc7+ Kd7 34. Nxa6 Be3 35. Nb4 Ke6 36. Nd5 Bc5 37. Nc7+ Ke7 38. Nxb5 f5 39. exf5 Kf6 40. h4 Bf2 41. h5 Kg5 42. Kd1 Be3 43. Ke2 Bc1 44. a4 e4 45. a5 Kf4 46. fxe4 Be3 47. Nd4 Kxe4 48. a6 Bxd4 49. cxd4 1-0

[Event "45th FIDE Womens Olympiad 2024"]
[Site "Budapest"]
[Date "2024.09.15"]
[Round "5.161"]
[White "Morales Santos, Natasha"]
[Black "Gomez Barrera, Javiera Belen"]
[Result "1-0"]
[ECO "D45"]
[WhiteElo "1972"]
[BlackElo "2123"]
[PlyCount "109"]
[EventDate "2024.09.05"]
[EventType "team-tourn"]
[EventCountry "HUN"]
[WhiteTeam "Puerto Rico"]
[BlackTeam "Chile"]
[WhiteTeamCountry "PUR"]
[BlackTeamCountry "CHI"]
[TimeControl "40/5400+30:1800+30"]

1. d4 Nf6 2. c4 e6 3. Nc3 d5 4. Nf3 c6 5. e3 Be7 6. b3 Bb4 7. Bd2 Qe7 8. Bd3 Nbd7 9. O-O O-O 10. Qc2 e5 11. dxe5 Nxe5 12. Nxe5 Qxe5 13. cxd5 cxd5 14. Ne2 Bd6 15. Ng3 h6 16. Bc3 Qe7 17. Qb2 Rd8 18. Rad1 Bb4 19. Bxf6 Qxf6 20. Qxf6 gxf6 21. Nh5 Rd6 22. Be2 Bf5 23. Rxd5 Bg6 24. Rxd6 Bxd6 25. Nxf6+ Kg7 26. Nh5+ Bxh5 27. Bxh5 Rc8 28. Rd1 Bb4 29. g3 Rc7 30. Rd4 a5 31. Kg2 Rc5 32. Bd1 Rf5 33. Rd7 b6 34. Be2 Kf8 35. Bc4 Bc5 36. a4 Rf6 37. Rd8+ Kg7 38. Rd5 Kf8 39. Re5 Bd6 40. Rd5 Bc5 41. h4 Kg7 42. g4 Kf8 43. g5 hxg5 44. hxg5 Rg6 45. Rf5 Rg7 46. Kg3 Ke7 47. Kg4 Kf8 48. e4 Bd4 49. f4 Ke7 50. e5 Rh7 51. Rf6 Rg7 52. Kf5 Rh7 53. Rh6 Rg7 54. Rh8 Kd7 55. Kf6 1-0

[Event "45th FIDE Womens Olympiad 2024"]
[Site "Budapest"]
[Date "2024.09.15"]
[Round "5.162"]
[White "Jorquera Cabello, Valentina"]
[Black "Rivera Negron, Yanira"]
[Result "1-0"]
[ECO "C01"]
[WhiteElo "1919"]
[BlackElo "1805"]
[PlyCount "113"]
[EventDate "2024.09.05"]
[EventType "team-tourn"]
[EventCountry "HUN"]
[WhiteTeam "Chile"]
[BlackTeam "Puerto Rico"]
[WhiteTeamCountry "CHI"]
[BlackTeamCountry "PUR"]
[TimeControl "40/5400+30:1800+30"]

1. e4 e6 2. d4 d5 3. Bd3 c5 4. c3 dxe4 5. Bxe4 Nf6 6. Bf3 cxd4 7. cxd4 Bb4+ 8. Nc3 O-O 9. Nge2 Nbd7 10. Bf4 Nb6 11. O-O Nbd5 12. Bg5 Qa5 13. Bd2 Rb8 14. a3 Bxc3 15. Nxc3 Qb6 16. Nxd5 Nxd5 17. Bc3 Bd7 18. Qd2 Rfc8 19. Rfe1 Bc6 20. Ba5 Qa6 21. Be2 Bb5 22. Bd1 Qc6 23. Bb3 b6 24. Rac1 Qd7 25. Bc3 Qb7 26. Qg5 Bc4 27. Bc2 Qe7 28. Qxe7 Nxe7 29. Bb4 Nd5 30. Bd6 Ra8 31. Be4 Bb3 32. h3 g6 33. Be5 h5 34. Bf3 a5 35. h4 Rc4 36. Bxd5 exd5 37. Rc3 Ba4 38. Rce3 Bd7 39. Bf6 Be6 40. Rb3 Rb8 41. Rc3 Rbc8 42. Ree3 Kf8 43. Rb3 R4c6 44. Rb5 Kg8 45. Reb3 a4 46. Rc3 Rxc3 47. bxc3 Rc6 48. Be5 Kf8 49. Bb8 Ke7 50. Ba7 Rxc3 51. Bxb6 Rb3 52. Bc5+ Kf6 53. Ra5 Bd7 54. Bb4 Bc6 55. Ra6 Rb1+ 56. Kh2 Rc1 57. Bc5 1-0

[Event "45th FIDE Womens Olympiad 2024"]
[Site "Budapest"]
[Date "2024.09.15"]
[Round "5.163"]
[White "Vega Jimenez, Keyshla M."]
[Black "Morales Flores, Monserrat"]
[Result "0-1"]
[ECO "B24"]
[WhiteElo "1769"]
[BlackElo "1938"]
[PlyCount "114"]
[EventDate "2024.09.05"]
[EventType "team-tourn"]
[EventCountry "HUN"]
[WhiteTeam "Puerto Rico"]
[BlackTeam "Chile"]
[WhiteTeamCountry "PUR"]
[BlackTeamCountry "CHI"]
[TimeControl "40/5400+30:1800+30"]

1. e4 c5 2. Nc3 e6 3. Nge2 a6 4. g3 Nc6 5. Bg2 Nf6 6. O-O d6 7. h3 Be7 8. d3 O-O 9. f4 d5 10. e5 Nd7 11. a4 Rb8 12. Bd2 f6 13. f5 Ndxe5 14. fxe6 d4 15. Nd5 Bxe6 16. Nef4 Bf7 17. Nxe7+ Nxe7 18. a5 Nd5 19. Qe2 Re8 20. Qf2 Nxf4 21. Bxf4 Qd7 22. Kh2 c4 23. dxc4 Bxc4 24. Rfd1 Rbd8 25. b3 Bb5 26. Rd2 g5 27. Bxe5 fxe5 28. Qf6 Qe7 29. Qb6 Rd7 30. Be4 Qd8 31. Qh6 Qe7 32. Rf2 Qg7 33. Qh5 Rf8 34. Rd2 Bc6 35. Qe2 Bxe4 36. Qxe4 Rdf7 37. Kg2 Qf6 38. Re1 Re7 39. Rde2 Kg7 40. Qd5 Rfe8 41. Kg1 h6 42. Qe4 Qc6 43. Qd3 Qc5 44. Re4 Qxa5 45. h4 Rc7 46. hxg5 hxg5 47. Qe2 Qb6 48. Kg2 Qg6 49. Rc1 Rc3 50. Qe1 Qc6 51. Kg1 Rxg3+ 52. Qxg3 Qxe4 53. Qxg5+ Qg6 54. Qxg6+ Kxg6 55. Rf1 Rc8 56. Rf2 Rc3 57. Kf1 d3 {0-} 0-1

[Event "45th FIDE Womens Olympiad 2024"]
[Site "Budapest"]
[Date "2024.09.15"]
[Round "5.165"]
[White "Widjayanti, Lindri Juni"]
[Black "Sawan, Eman"]
[Result "0-1"]
[ECO "B94"]
[WhiteElo "2155"]
[BlackElo "1972"]
[PlyCount "102"]
[EventDate "2024.09.05"]
[EventType "team-tourn"]
[EventCountry "HUN"]
[WhiteTeam "Indonesia"]
[BlackTeam "Palestine"]
[WhiteTeamCountry "INA"]
[BlackTeamCountry "PLE"]
[TimeControl "40/5400+30:1800+30"]

1. e4 c5 2. Nf3 d6 3. d4 cxd4 4. Nxd4 Nf6 5. Nc3 a6 6. Bg5 Nbd7 7. f4 Qc7 8. Be2 e6 9. f5 e5 10. Nb3 Be7 11. g4 h6 12. Be3 b5 13. a3 Bb7 14. Bf3 Rc8 15. Qe2 Nb6 16. Bxb6 Qxb6 17. Qf2 Qxf2+ 18. Kxf2 Rxc3 19. bxc3 Nxe4+ 20. Kg2 Bh4 21. a4 O-O 22. axb5 axb5 23. Ra7 Bd5 24. Rd1 Bc6 25. Ra6 Bb7 26. Rb6 Ba8 27. Ra1 d5 28. Rxb5 Nxc3 29. Rba5 Bb7 30. Nc5 Bc6 31. R1a3 Nb5 32. Rb3 Nd4 33. Rb6 Bd8 34. Rxc6 Nxc6 35. Ra8 e4 36. Bd1 e3 37. Bf3 Re8 38. Nd3 e2 39. Bxd5 Nb4 40. Bf3 Nxd3 41. Bxe2 Nf4+ 42. Kf3 Nxe2 43. Rc8 Nd4+ 44. Kg2 Kf8 45. c3 Ne2 46. Rc6 Bf6 47. c4 Nd4 48. Rc5 Re2+ 49. Kg1 Nf3+ 50. Kf1 Rxh2 51. Rd5 Bh4 {0-} 0-1

[Event "45th FIDE Womens Olympiad 2024"]
[Site "Budapest"]
[Date "2024.09.15"]
[Round "5.166"]
[White "Hamouri, Taqwa"]
[Black "Nugroho, Angel Ruth"]
[Result "0-1"]
[ECO "B11"]
[WhiteElo "1845"]
[BlackElo "1939"]
[PlyCount "86"]
[EventDate "2024.09.05"]
[EventType "team-tourn"]
[EventCountry "HUN"]
[WhiteTeam "Palestine"]
[BlackTeam "Indonesia"]
[WhiteTeamCountry "PLE"]
[BlackTeamCountry "INA"]
[TimeControl "40/5400+30:1800+30"]

1. e4 c6 2. Nf3 d5 3. Nc3 Bg4 4. h3 Bxf3 5. Qxf3 Nf6 6. d3 e6 7. g3 Bb4 8. Bd2 d4 9. Nb1 Qb6 10. b3 Bxd2+ 11. Nxd2 Qc5 12. Qd1 a5 13. a3 Na6 14. Bg2 Nc7 15. f4 a4 16. b4 Qe7 17. O-O h5 18. Qe2 Nb5 19. Qf2 Qc7 20. Nc4 Nd7 21. g4 hxg4 22. hxg4 O-O-O 23. e5 f6 24. Rae1 Rde8 25. Re4 fxe5 26. Nxe5 Rhf8 27. Nxd7 Qxd7 28. g5 e5 29. Qf3 Kb8 30. Bh3 Qd8 31. Qg3 exf4 32. Rexf4 Rxf4 33. Rxf4 Ka7 34. Qf2 Qxg5+ 35. Bg2 Re3 36. Re4 Rxe4 37. dxe4 Qc1+ 38. Kh2 Qxa3 39. e5 Qe3 40. Qf5 g5 41. Kh1 a3 42. e6 a2 43. Qf1 Qc3 {0-} 0-1

[Event "45th FIDE Womens Olympiad 2024"]
[Site "Budapest"]
[Date "2024.09.15"]
[Round "5.167"]
[White "Yuliana, Evi"]
[Black "Faqeeh, Yara"]
[Result "1-0"]
[ECO "E90"]
[WhiteElo "1912"]
[BlackElo "1671"]
[PlyCount "57"]
[EventDate "2024.09.05"]
[EventType "team-tourn"]
[EventCountry "HUN"]
[WhiteTeam "Indonesia"]
[BlackTeam "Palestine"]
[WhiteTeamCountry "INA"]
[BlackTeamCountry "PLE"]
[TimeControl "40/5400+30:1800+30"]

1. d4 Nf6 2. c4 g6 3. Nc3 Bg7 4. e4 d6 5. Nf3 Nbd7 6. e5 Ng4 7. h3 Nh6 8. Bf4 b6 9. Bd3 Bb7 10. Be4 Bxe4 11. Nxe4 Nb8 12. Qd2 Ng8 13. O-O-O d5 14. cxd5 Qxd5 15. Nc3 Qd7 16. Rhe1 e6 17. d5 Na6 18. Qe2 Nc5 19. dxe6 Qxe6 20. Nd4 Qd7 21. e6 Nxe6 22. Nxe6 Qxe6 23. Qb5+ Ke7 24. Qd7+ Kf6 25. Rxe6+ fxe6 26. Ne4+ Kf5 27. g4+ Kxf4 28. Qd2+ Ke5 29. Qg5+ 1-0

[Event "45th FIDE Womens Olympiad 2024"]
[Site "Budapest"]
[Date "2024.09.15"]
[Round "5.168"]
[White "Natsheh, Wajd"]
[Black "Adeline, Clementia"]
[Result "0-1"]
[ECO "D00"]
[WhiteElo "1739"]
[BlackElo "1550"]
[PlyCount "126"]
[EventDate "2024.09.05"]
[EventType "team-tourn"]
[EventCountry "HUN"]
[WhiteTeam "Palestine"]
[BlackTeam "Indonesia"]
[WhiteTeamCountry "PLE"]
[BlackTeamCountry "INA"]
[TimeControl "40/5400+30:1800+30"]

1. d4 d5 2. Nc3 Nf6 3. Bg5 Nbd7 4. e4 dxe4 5. f3 exf3 6. Qxf3 e6 7. Bc4 Nb6 8. Qd3 Nxc4 9. Qxc4 Be7 10. Nf3 c6 11. O-O O-O 12. Rad1 Nd5 13. Bd2 Nxc3 14. Bxc3 Qd5 15. Qe2 b5 16. b3 b4 17. Bb2 a5 18. Qf2 f6 19. Qh4 a4 20. Ne5 Ra7 21. Nd3 Ba6 22. Qf2 axb3 23. axb3 Bxd3 24. Rxd3 Ra2 25. Bc1 c5 26. Rh3 Qxd4 27. Be3 Qe4 28. Rc1 Qf5 29. Qe2 Rfa8 30. Rf3 Qe5 31. Rff1 Ra1 32. Qd3 Rxc1 33. Rxc1 Rd8 34. Qe2 Rd4 35. Qf3 Re4 36. Bf2 Qf4 37. Qd1 Re5 38. c4 Rf5 39. Rc2 Kf7 40. Re2 h5 41. Be3 Qe5 42. Bf2 Qf4 43. Be3 Qg4 44. h3 Qg3 45. Bf2 Qd6 46. Rd2 Qf4 47. Re2 Bd6 48. g3 Qf3 49. Qe1 Re5 50. Re3 Rxe3 51. Qxe3 Qxe3 52. Bxe3 f5 53. Kg2 e5 54. h4 f4 55. Bf2 Ke6 56. gxf4 e4 57. Be3 Kf5 58. Kg3 g6 59. Bd2 e3 60. Bxe3 Ke4 61. Bc1 Kd3 62. Bb2 Kc2 63. Be5 Be7 {0-} 0-1

[Event "45th FIDE Womens Olympiad 2024"]
[Site "Budapest"]
[Date "2024.09.15"]
[Round "5.169"]
[White "Park, Sunwoo"]
[Black "Tan, Li Ting"]
[Result "0-1"]
[ECO "C54"]
[WhiteElo "1877"]
[BlackElo "2037"]
[PlyCount "70"]
[EventDate "2024.09.05"]
[EventType "team-tourn"]
[EventCountry "HUN"]
[WhiteTeam "South Korea"]
[BlackTeam "Malaysia"]
[BlackTeamCountry "MAS"]
[TimeControl "40/5400+30:1800+30"]

1. e4 e5 2. Nf3 Nc6 3. Bc4 Bc5 4. c3 Nf6 5. d3 d6 6. Bb3 h6 7. Nbd2 a6 8. h3 Ba7 9. O-O O-O 10. Re1 Be6 11. Bc2 Re8 12. Nf1 d5 13. exd5 Nxd5 14. Ng3 Qd6 15. Be3 Nxe3 16. fxe3 f5 17. Bb3 f4 18. Nf5 Qf8 19. N3h4 Kh7 20. Qg4 g5 21. Bxe6 Rxe6 22. Nd4 Rf6 23. Nxc6 bxc6 24. Nf3 Bxe3+ 25. Kh1 Qe7 26. Qh5 Rg6 27. Nh2 e4 28. dxe4 Qxe4 29. Rad1 Re8 30. Ng4 Kg7 31. Rd7+ Re7 32. Red1 Bc5 33. Nxh6 Rxh6 34. Qg4 Rg6 35. Rd8 Qe1+ {0-} 0-1

[Event "45th FIDE Womens Olympiad 2024"]
[Site "Budapest"]
[Date "2024.09.15"]
[Round "5.170"]
[White "Azhar, Puteri Munajjah Az-Z"]
[Black "Khan, Anastasia"]
[Result "1-0"]
[ECO "A13"]
[WhiteElo "2014"]
[BlackElo "1859"]
[PlyCount "101"]
[EventDate "2024.09.05"]
[EventType "team-tourn"]
[EventCountry "HUN"]
[WhiteTeam "Malaysia"]
[BlackTeam "South Korea"]
[WhiteTeamCountry "MAS"]
[TimeControl "40/5400+30:1800+30"]

1. Nf3 e6 2. c4 Nf6 3. b3 d5 4. e3 c5 5. Bb2 Nc6 6. cxd5 exd5 7. g3 Be7 8. Bg2 Bf5 9. O-O Nb4 10. Na3 O-O 11. Ne5 h6 12. f4 Qc8 13. Bf3 Nd7 14. Nb5 a6 15. Nc3 Nxe5 16. fxe5 Rd8 17. a3 Nd3 18. Nxd5 Bf8 19. Bc3 Qb8 20. Qc2 Bg6 21. Nb6 Ra7 22. Ba5 Nxe5 23. Be4 Bxe4 24. Qxe4 Nc6 25. Bc3 Qc7 26. Nd5 Qd7 27. Nf4 Re8 28. Qf3 b5 29. Rf2 Ne5 30. Qh5 Nd3 31. Rff1 Qd6 32. Qf5 Nxf4 33. Rxf4 Qe6 34. Qxe6 Rxe6 35. Rf5 Rd7 36. Kf2 g6 37. Rf3 b4 38. axb4 cxb4 39. Bd4 Bg7 40. Bxg7 Kxg7 41. Ke2 Rd5 42. Rf4 a5 43. Rc4 Rh5 44. h4 Rb5 45. d4 f5 46. Rc5 Reb6 47. Rxa5 Rxa5 48. Rxa5 Kf6 49. Kd3 g5 50. hxg5+ Kxg5 51. e4 1-0

[Event "45th FIDE Womens Olympiad 2024"]
[Site "Budapest"]
[Date "2024.09.15"]
[Round "5.171"]
[White "Kang, Sohyun"]
[Black "Azhar, Puteri Rifqah Fahada"]
[Result "1/2-1/2"]
[ECO "B23"]
[WhiteElo "1726"]
[BlackElo "1947"]
[PlyCount "69"]
[EventDate "2024.09.05"]
[EventType "team-tourn"]
[EventCountry "HUN"]
[WhiteTeam "South Korea"]
[BlackTeam "Malaysia"]
[BlackTeamCountry "MAS"]
[TimeControl "40/5400+30:1800+30"]

1. e4 c5 2. Nc3 a6 3. g3 b5 4. Bg2 Bb7 5. d3 e6 6. f4 b4 7. Nce2 Nf6 8. c3 Be7 9. Nh3 Qb6 10. Qc2 d6 11. Bf3 Nc6 12. Be3 Rc8 13. Qd1 O-O 14. g4 Rfd8 15. O-O Qb5 16. g5 Ne8 17. Bg4 Rc7 18. Ng3 Bc8 19. Rc1 Qb7 20. d4 cxd4 21. cxd4 d5 22. e5 g6 23. Qa4 Bd7 24. Qd1 Rdc8 25. b3 Na7 26. Rxc7 Rxc7 27. Qd2 Nb5 28. Be2 Qc8 29. Bd3 Nc3 30. Qb2 Bb5 31. Nf2 Rc6 32. h4 Bxd3 33. Nxd3 Nb5 34. Rf2 Rc3 35. Qe2 1/2-1/2

[Event "45th FIDE Womens Olympiad 2024"]
[Site "Budapest"]
[Date "2024.09.15"]
[Round "5.172"]
[White "Nithyalakshmi, Sivanesan"]
[Black "Kim, Sarang"]
[Result "1-0"]
[ECO "C02"]
[WhiteElo "1912"]
[BlackElo "1732"]
[PlyCount "75"]
[EventDate "2024.09.05"]
[EventType "team-tourn"]
[EventCountry "HUN"]
[WhiteTeam "Malaysia"]
[BlackTeam "South Korea"]
[WhiteTeamCountry "MAS"]
[TimeControl "40/5400+30:1800+30"]

1. e4 e6 2. d4 d5 3. e5 c5 4. c3 Ne7 5. Nf3 Nec6 6. Bd3 cxd4 7. O-O dxc3 8. Nxc3 Be7 9. a3 a6 10. Re1 O-O 11. Qc2 h6 12. Bf4 f5 13. exf6 Bxf6 14. Bh7+ Kh8 15. Bg3 Nd4 16. Nxd4 Bxd4 17. Ne2 Bxb2 18. Ra2 Bf6 19. Bc7 Qe8 20. Nf4 Rf7 21. Bd6 g5 22. Nxd5 Bd4 23. Qd3 Nc6 24. Bg6 e5 25. Nc7 Qd7 26. Nxa8 Qxd6 27. Nb6 Be6 28. Rd2 Rf6 29. Na4 b5 30. Nb2 Qc5 31. Nd1 Bg4 32. Qc2 Rxf2 33. Nxf2 Qb6 34. Be4 Na5 35. Kh1 Nc4 36. Rxd4 Qxd4 37. Nxg4 Nd6 38. Nxh6 1-0

[Event "45th FIDE Womens Olympiad 2024"]
[Site "Budapest"]
[Date "2024.09.15"]
[Round "5.173"]
[White "Nassr, Lina"]
[Black "Viana, Valeria"]
[Result "0-1"]
[ECO "D05"]
[WhiteElo "2010"]
[BlackElo "1882"]
[PlyCount "76"]
[EventDate "2024.09.05"]
[EventType "team-tourn"]
[EventCountry "HUN"]
[WhiteTeam "Algeria"]
[BlackTeam "Honduras"]
[WhiteTeamCountry "ALG"]
[BlackTeamCountry "HON"]
[TimeControl "40/5400+30:1800+30"]

1. d4 Nf6 2. Nf3 d5 3. e3 e6 4. Bd3 c5 5. b3 Nc6 6. Bb2 Bd6 7. dxc5 Bxc5 8. Nbd2 O-O 9. O-O b6 10. a3 a5 11. c4 dxc4 12. Nxc4 Bb7 13. Qc2 h6 14. Rfd1 Qe7 15. Nd4 Rac8 16. Qe2 Rfd8 17. Nb5 e5 18. Bf5 Ra8 19. Rac1 Rxd1+ 20. Rxd1 Bc8 21. Bc2 Bg4 22. f3 Bh5 23. Ncd6 Rd8 24. Nf5 Rxd1+ 25. Qxd1 Qf8 26. Qd2 Bg6 27. Kh1 Qc8 28. e4 Bxf5 29. exf5 Nd4 30. Bxd4 exd4 31. h3 Qe8 32. a4 Qe5 33. Bd3 Nd5 34. Be4 Nb4 35. Qd1 d3 36. Bxd3 Nxd3 37. Qxd3 Qe1+ 38. Kh2 Bg1+ {0-} 0-1

[Event "45th FIDE Womens Olympiad 2024"]
[Site "Budapest"]
[Date "2024.09.15"]
[Round "5.174"]
[White "Torres Hernandez, Leslie Carolin"]
[Black "Latreche, Sabrina"]
[Result "0-1"]
[ECO "C60"]
[WhiteElo "1891"]
[BlackElo "2030"]
[PlyCount "52"]
[EventDate "2024.09.05"]
[EventType "team-tourn"]
[EventCountry "HUN"]
[WhiteTeam "Honduras"]
[BlackTeam "Algeria"]
[WhiteTeamCountry "HON"]
[BlackTeamCountry "ALG"]
[TimeControl "40/5400+30:1800+30"]

1. e4 e5 2. Nf3 Nc6 3. Bb5 Nge7 4. c3 Ng6 5. O-O d6 6. d4 Bd7 7. Be3 Be7 8. Nbd2 O-O 9. Bc4 Kh8 10. b4 f5 11. exf5 Bxf5 12. Qb3 a5 13. a3 e4 14. Ne1 axb4 15. cxb4 Bf6 16. Nc2 Qe7 17. Rad1 Nd8 18. Rfe1 c6 19. Nf1 d5 20. Be2 Nh4 21. Ng3 Qd7 22. Bf1 Bg4 23. Be2 Bh3 24. Bf1 Bg4 25. Be2 Bf3 26. gxf3 Qh3 {0-} 0-1

[Event "45th FIDE Womens Olympiad 2024"]
[Site "Budapest"]
[Date "2024.09.15"]
[Round "5.175"]
[White "Nassr, Rania"]
[Black "Cruz, Bitia"]
[Result "1/2-1/2"]
[ECO "D02"]
[WhiteElo "1866"]
[BlackElo "1736"]
[PlyCount "64"]
[EventDate "2024.09.05"]
[EventType "team-tourn"]
[EventCountry "HUN"]
[WhiteTeam "Algeria"]
[BlackTeam "Honduras"]
[WhiteTeamCountry "ALG"]
[BlackTeamCountry "HON"]
[TimeControl "40/5400+30:1800+30"]

1. d4 d5 2. Nf3 Nf6 3. g3 e6 4. Bg2 c5 5. e3 Nbd7 6. O-O Be7 7. b3 b5 8. dxc5 Nxc5 9. Bb2 O-O 10. Ne5 Qc7 11. Nd2 Bb7 12. Rc1 Bd6 13. Ndf3 Qa5 14. Bd4 Nce4 15. c4 bxc4 16. bxc4 Rfd8 17. Rc2 Rac8 18. cxd5 Bxd5 19. Qe2 Nc3 20. Bxc3 Rxc3 21. Rfc1 Rxc2 22. Rxc2 Bxe5 23. Nxe5 Bxg2 24. Nc4 Qd5 25. Rd2 Qa8 26. Rxd8+ Qxd8 27. Kxg2 Qd5+ 28. f3 Nd7 29. e4 Qc5 30. Ne3 f6 31. Kf2 Nb6 32. Qd3 Kf7 1/2-1/2

[Event "45th FIDE Womens Olympiad 2024"]
[Site "Budapest"]
[Date "2024.09.15"]
[Round "5.176"]
[White "Maradiaga, Cesia"]
[Black "Djerroud, Chahrazed"]
[Result "0-1"]
[ECO "E61"]
[WhiteElo "1675"]
[BlackElo "1910"]
[PlyCount "54"]
[EventDate "2024.09.05"]
[EventType "team-tourn"]
[EventCountry "HUN"]
[WhiteTeam "Honduras"]
[BlackTeam "Algeria"]
[WhiteTeamCountry "HON"]
[BlackTeamCountry "ALG"]
[TimeControl "40/5400+30:1800+30"]

1. Nf3 Nf6 2. c4 g6 3. Nc3 Bg7 4. d4 d6 5. e3 O-O 6. Bd3 Nbd7 7. O-O e5 8. Re1 Re8 9. Qc2 Qe7 10. dxe5 dxe5 11. e4 c6 12. Be3 Nc5 13. Bf1 a5 14. Rad1 Bg4 15. Be2 Rad8 16. a3 Nfd7 17. b4 axb4 18. axb4 Ne6 19. b5 Bxf3 20. Bxf3 Nd4 21. Bxd4 exd4 22. Ne2 Ne5 23. Qb3 Nxf3+ 24. Qxf3 Qxe4 25. Ng3 Qxe1+ 26. Rxe1 Rxe1+ 27. Nf1 d3 {0-} 0-1